Map: Jardín de sombras

Players

MrFercho

  • Race: Zerg Zerg
  • League: Gold
  • Spawn Location: 11:00

tigro

  • Race: Terran Terran
  • League: Bronze
  • Spawn Location: 11:00

TATORREA

  • Race: Protoss Protoss
  • League: Gold
  • Spawn Location: 7:00

IA (Fácil)

  • Race: Zerg Zerg
  • Spawn Location: 1:00

IA (Fácil)

  • Race: Zerg Zerg
  • Spawn Location: 1:00

IA (Fácil)

  • Race: Terran Terran
  • Spawn Location: 5:00

IA (Fácil)

  • Race: Zerg Zerg
  • Spawn Location: 5:00

IA (Fácil)

  • Race: Zerg Zerg
  • Spawn Location: 7:00

VOD

Have the link to the VOD?

Description

Time

  • Played on: Aug. 10, 2020, 9:10 p.m.
  • Length: 24:35
Show
View Real Time Build Order
Export as new Build Order

MrFercho Zerg 

Build Orders: Pool First 

Get SALT Encoding   

  12  0:24  Spawning Pool  
  11  0:32  Drone  
  11  0:33  Drone x2  
  14  0:44  Overlord  
  14  1:00  Overlord  
  14  1:10  Queen  
  16  1:14  Zergling x2  
  17  1:22  Zergling x2  
  18  1:28  Zergling x2  
  19  1:37  Overlord  
  19  1:50  Zergling x2  
  20  1:55  Queen  
  20  1:59  Zergling x2  
  23  2:10  Zergling x2  
  24  2:20  Zergling x4  
  24  2:21  Zergling x2  
  27  2:27  Zergling x2  
  28  2:47  Zergling x4  
  29  2:55  Zergling x2  
  30  3:10  Zergling x6  
  32  3:48  Drone  
  32  3:49  Drone x4  
  37  4:06  Drone  
  37  4:09  Extractor  
  37  4:10  Extractor  
  36  4:23  Drone  
  36  4:24  Drone  
  38  4:27  Overlord x3  
  38  4:30  Hatchery  
  37  4:39  Drone  
  38  4:54  Drone  
  38  4:55  Drone x2  
  41  5:04  Lair  
  41  5:28  Drone x6  
  46  6:09  Drone  
  46  6:10  Hydralisk Den  
  46  6:30  Drone x9  
  55  6:34  Extractor  
  55  6:35  Extractor  
  53  7:08  Muscular Augments  
  53  7:37  Hydralisk  
  53  7:38  Hydralisk x6  
  53  7:42  Overlord x3  
  53  7:43  Overlord x2  
  56  8:13  Hydralisk x7  
  67  8:35  Drone, Evolution Chamber  
  67  8:36  Evolution Chamber, Drone  
  67  8:38  Drone x3  
  67  8:39  Drone x3  
  67  8:40  Grooved Spines  
  73  8:52  Spire  
  72  9:04  Overlord x3  
  72  9:05  Infestation Pit  
  71  9:10  Spore Crawler  
  71  9:13  Drone, Spine Crawler  
  71  9:16  Drone x3  
  71  9:17  Drone  
  74  9:36  Pneumatized Carapace  
  74  9:53  Overlord x3  
  74  9:54  Hydralisk x4  
  82  10:00  Hatchery  
  79  10:09  Zerg Missile Weapons Level 1  
  79  10:10  Zerg Ground Armor Level 1  
  79  10:19  Zerg Flyer Weapons Level 1  
  79  10:21  Drone x2  
  81  10:28  Mutalisk x3  
  87  10:46  Mutalisk x2  
  87  10:48  Overlord x2  
  91  11:09  Extractor  
  90  11:41  Mutalisk x6  
  102  11:49  Drone x3  
  102  11:50  Drone x3  
  108  11:55  Drone x5  
  108  11:59  Mutalisk  
  115  12:05  Extractor  
  115  12:08  Zerg Missile Weapons Level 2  
  114  12:30  Mutalisk x3  
  114  12:32  Overlord x3  
  114  12:36  Metabolic Boost  
  120  12:58  Drone x3  
  123  13:00  Hatchery  
  123  13:03  Extractor x2, Drone x9  
  129  13:10  Hatchery  
  128  13:13  Extractor  
  128  13:15  Extractor  
  126  13:20  Hive  
  126  13:28  Queen  
  126  13:29  Queen  
  130  13:53  Mutalisk  
  130  13:54  Mutalisk x9  
  150  14:04  Queen  
  152  14:10  Zerg Flyer Weapons Level 2  
  152  14:27  Mutalisk x3  
  158  15:04  Mutalisk x8  
  174  15:13  Spire  
  173  15:21  Overseer  
  173  15:33  Nydus Network  
  172  15:50  Drone x4  
  172  15:51  Drone x5  
  172  15:52  Drone x2  
  172  15:53  Drone  
  184  15:59  Mutalisk x8  
  200  16:22  Zerg Ground Armor Level 2  
  200  16:23  Zerg Missile Weapons Level 3  
  200  16:40  Nydus Canal  
  164  18:01  Hydralisk x2  
  164  18:02  Hydralisk x15  
  198  18:43  Overlord x2  
  136  19:14  Hydralisk x12  
  136  19:15  Hydralisk x10  
  105  20:11  Mutalisk x6  
  95  21:04  Hatchery  
  94  23:07  Hatchery  
  93  23:15  Hatchery  
Show
View Real Time Build Order
Export as new Build Order

tigro Terran 

Build Orders:  

Get SALT Encoding   

  12  0:15  SCV  
  12  0:17  Supply Depot  
  13  0:27  SCV  
  14  0:39  SCV  
  15  0:47  Barracks  
  15  0:51  SCV  
  16  1:00  Refinery  
  16  1:03  SCV  
  17  1:15  SCV  
  17  1:16  Supply Depot  
  18  1:27  SCV  
  19  1:36  Marine  
  20  1:47  Refinery  
  20  1:51  SCV  
  21  1:54  Marine  
  22  2:03  SCV  
  23  2:12  Marine  
  23  2:13  Factory  
  23  2:15  SCV  
  25  2:27  SCV  
  26  2:30  Marine  
  27  2:40  Orbital Command  
  27  2:48  Marine  
    3:20  Orbital Command  
    4:09  Orbital Command  
    5:04  SCV  
  1  5:16  SCV  
  2  5:28  Supply Depot, SCV  
  3  5:40  SCV  
    6:20  Orbital Command  
    6:55  SCV  
  1  7:07  SCV  
  2  7:19  SCV  
  2  7:20  Supply Depot  
  3  7:32  SCV  
  4  7:38  Engineering Bay  
  4  7:44  SCV  
  5  7:52  Barracks  
  5  7:56  SCV  
  6  8:08  SCV  
  6  8:12  Refinery  
  7  8:20  SCV  
  8  8:30  Terran Infantry Weapons Level 1  
  8  8:32  SCV  
  9  8:42  Refinery  
  9  8:44  SCV  
  10  9:10  Barracks Tech Lab  
  11  9:50  SCV  
  11  9:52  Marine  
  12  9:59  Refinery  
  12  10:02  SCV  
  13  10:09  Marine  
  13  10:14  SCV  
  15  10:15  Combat Shield  
  15  10:24  Terran Infantry Armor Level 1  
  15  10:26  SCV  
  15  10:27  Marine  
  17  10:38  SCV  
  18  10:45  Marine  
  19  10:50  SCV  
  20  11:02  SCV  
  20  11:03  Marine  
  20  11:34  Stimpack  
  20  12:18  Hi-Sec Auto Tracking  
Show
View Real Time Build Order
Export as new Build Order

TATORREA Protoss 

Build Orders:  

Get SALT Encoding   

  12  0:02  Probe  
  13  0:14  Probe  
  13  0:19  Pylon  
  14  0:30  Probe  
  15  0:42  Gateway, Probe  
  16  0:52  Assimilator  
  16  0:54  Probe  
  17  1:02  Pylon  
  17  1:06  Probe  
  18  1:18  Gateway, Probe  
  19  1:30  Probe  
  20  1:36  Assimilator  
  20  1:38  Pylon  
  20  1:42  Probe  
  20  1:46  Cybernetics Core  
  21  1:55  Probe, Zealot (Chrono Boost)  
  24  2:07  Probe  
  25  2:10  Zealot (Chrono Boost)  
  26  2:19  Probe  
  27  2:23  Warp Gate  
  27  2:24  Adept (Chrono Boost)  
  31  2:35  Adept (Chrono Boost)  
  25  3:07  Stalker x2 (Chrono Boost)  
  25  3:32  Probe  
  26  3:35  Sentry (Chrono Boost)  
  30  3:44  Stalker (Chrono Boost)  
  30  3:53  Stalker  
  28  4:23  Stalker  
  30  4:28  Stalker  
  32  4:53  Stalker x2  
  36  5:27  Stalker  
  38  6:04  Pylon  
  38  6:11  Pylon  
  38  6:15  Pylon  
  38  6:34  Nexus  
  38  6:36  Pylon  
  38  6:38  Pylon  
  38  6:48  Stalker x2  
  38  6:50  Robotics Facility  
  38  6:52  Probe  
  38  6:53  Robotics Facility  
  43  6:55  Stargate  
  43  6:57  Twilight Council  
  43  7:01  Forge  
  43  7:03  Forge  
  43  7:06  Forge  
  43  7:14  Stalker x2  
  47  7:17  Probe  
  48  7:29  Probe  
  49  7:41  Probe  
  49  7:42  Gateway  
  50  7:45  Gateway  
  50  7:48  Gateway  
  50  7:50  Gateway  
  50  7:53  Probe  
  50  7:55  Immortal  
  50  8:18  Probe x2  
  49  8:30  Probe x2  
  51  8:34  Protoss Ground Weapons Level 1  
  51  8:42  Probe x2  
  53  8:54  Protoss Air Weapons Level 1  
  53  8:57  Void Ray  
  53  9:02  Probe  
  58  9:03  Probe  
  59  9:14  Probe  
  59  9:15  Probe  
  61  9:26  Probe  
  61  9:29  Probe  
  63  9:36  Assimilator  
  63  9:38  Probe  
  64  9:40  Assimilator  
  64  9:41  Probe  
  63  10:10  Zealot x2  
  63  10:11  Charge (Chrono Boost), Zealot x2  
  63  10:12  Zealot x2  
  75  10:15  Probe x2  
  77  10:27  Probe x2, Protoss Shields Level 1 (Chrono Boost)  
  79  10:39  Probe  
  79  10:40  Zealot x3  
  86  10:43  Protoss Ground Weapons Level 2 (Chrono Boost)  
  86  11:17  Nexus  
  87  11:18  Probe  
  87  11:19  Probe  
  87  11:20  Pylon  
  87  11:23  Pylon  
  88  11:30  Probe  
  88  11:31  Probe, Zealot x2  
  94  11:42  Probe  
  94  11:44  Protoss Ground Armor Level 1 (Chrono Boost)  
  95  11:49  Protoss Air Armor Level 1, Probe  
  96  11:54  Probe  
  98  12:01  Probe  
  98  12:16  Probe x2  
  98  12:19  Protoss Shields Level 2 (Chrono Boost), Fleet Beacon  
  98  12:22  Pylon  
  100  12:27  Pylon  
  101  12:36  Probe x2  
  103  12:48  Probe x2  
  103  12:49  Probe  
  105  12:55  Assimilator  
  105  12:57  Protoss Ground Weapons Level 3 (Chrono Boost)  
  105  12:59  Assimilator  
  105  13:00  Probe x2  
  105  13:03  Probe  
  108  13:12  Probe  
  110  13:15  Probe  
  110  13:18  Gateway, Void Ray  
  110  13:19  Gateway  
  115  13:21  Gateway  
  115  13:24  Probe  
  116  13:27  Probe  
  117  13:34  Probe  
  117  13:43  Probe x2  
  119  13:55  Robotics Bay  
  119  13:59  Blink  
  119  14:01  Void Ray, Nexus  
  123  14:03  Zealot x4  
  123  14:04  Zealot  
  123  14:05  Pylon  
  123  14:07  Pylon  
  133  14:12  Unknown  
  133  14:23  Protoss Air Weapons Level 2 (Chrono Boost)  
  133  14:25  Protoss Ground Armor Level 2 (Chrono Boost)  
  133  14:34  Probe x3  
  136  14:43  Void Ray  
  136  14:45  Colossus  
  140  14:46  Probe x2  
  140  14:47  Probe  
  140  14:48  Observer  
  140  14:52  Extended Thermal Lance (Chrono Boost)  
  150  15:04  Probe x2  
  150  15:05  Probe  
  153  15:12  Colossus  
  153  15:13  Stalker  
  153  15:14  Stalker x2  
  163  15:15  Assimilator  
  163  15:16  Probe  
  163  15:20  Assimilator  
  166  15:25  Pylon  
  166  15:28  Pylon  
  166  15:29  Probe x4  
  170  15:38  Pylon  
  170  15:41  Probe x2  
  170  15:42  Colossus, Pylon  
  172  15:43  Probe  
  179  15:53  Protoss Shields Level 3 (Chrono Boost)  
  179  16:09  Anion Pulse-Crystals  
  179  16:11  Nexus  
  179  16:17  Pylon x2  
  179  16:21  Gravitic Boosters (Chrono Boost)  
  179  16:36  Gateway  
  179  16:37  Gateway  
  179  16:38  Gateway x2  
  179  16:40  Gateway, Templar Archives  
  179  16:41  Gateway  
  179  16:43  Gateway  
  179  16:46  Colossus  
  185  16:48  Colossus  
  185  16:50  Protoss Air Armor Level 2  
  191  16:55  Void Ray  
  195  17:07  Zealot  
  195  17:08  Zealot x4  
  192  17:09  Zealot  
  140  17:45  Stalker x2  
  140  17:46  Stalker x3  
  140  17:47  Stalker x3  
  156  17:56  Probe x3  
  159  18:03  Assimilator  
  159  18:08  Probe x2  
  159  18:09  Assimilator  
  161  18:22  Pylon  
  79  21:07  Nexus  
  79  22:19  Assimilator  
  79  22:21  Assimilator  
  79  22:33  Pylon  
  79  22:37  Pylon  
  35  23:58  Probe  
  6  24:10  Probe  
  7  24:22  Probe  
Show
View Real Time Build Order
Export as new Build Order

IA (Fácil) Zerg 

Build Orders: Pool First 

Get SALT Encoding   

  12  0:01  Drone  
  13  0:12  Overlord  
  13  0:18  Drone  
  14  0:31  Drone  
  14  0:35  Drone  
  16  0:44  Spawning Pool  
  16  0:47  Extractor  
  16  0:48  Drone  
  15  0:52  Drone  
  16  1:00  Overlord  
  16  1:31  Zergling x2  
  17  1:32  Queen  
  17  1:33  Roach Warren  
  17  1:36  Drone  
  17  1:39  Extractor  
  18  1:43  Drone  
  19  1:59  Zergling x2  
  20  2:09  Lair  
  20  2:23  Overlord  
  20  2:27  Roach  
  22  2:47  Drone  
  23  2:52  Drone  
  23  2:55  Roach  
  23  2:58  Drone  
  27  3:03  Drone  
  28  3:11  Overlord  
  28  3:16  Drone  
  29  3:21  Drone  
  29  3:25  Hydralisk Den  
  29  3:32  Drone  
  30  3:41  Zergling x2  
  25  4:08  Zergling x2  
  26  4:36  Roach  
  28  5:04  Roach  
  26  5:15  Queen  
  26  5:19  Roach  
  28  5:34  Roach  
  30  5:44  Drone  
  28  6:01  Hydralisk  
  30  6:29  Hydralisk  
  28  6:39  Drone  
  26  6:44  Hydralisk  
  28  6:52  Overseer, Drone  
  28  6:55  Overlord, Overseer  
  28  6:57  Drone  
  28  6:59  Hydralisk  
  31  7:02  Drone  
  31  7:06  Drone  
  31  7:12  Queen  
  31  7:13  Hydralisk  
  31  7:15  Hatchery  
  26  7:25  Drone  
  26  7:28  Hydralisk  
  24  7:30  Drone  
  24  7:35  Drone  
  24  7:53  Zergling x2, Drone  
  24  7:57  Drone  
  27  8:04  Drone  
  28  8:14  Drone  
  28  8:19  Drone, Roach  
  32  8:23  Drone  
  33  8:28  Drone  
  33  8:33  Drone  
  35  8:38  Drone  
  36  8:43  Drone  
  36  8:47  Overseer  
  37  8:48  Drone  
  37  8:53  Drone  
  39  8:57  Drone  
  39  8:58  Roach  
  39  9:02  Drone  
  41  9:06  Drone  
  42  9:11  Drone  
  42  9:12  Overlord  
  42  9:15  Drone  
  44  9:20  Drone  
  45  9:24  Drone  
  45  9:29  Drone  
  47  9:33  Drone  
  47  9:36  Ravager, Roach  
  47  9:37  Drone  
  52  9:40  Overlord  
  52  9:42  Drone  
  53  9:50  Drone  
  54  9:55  Drone  
  54  9:59  Drone  
  56  10:04  Roach  
  53  10:17  Drone  
  49  10:22  Drone  
  49  10:26  Drone  
  52  10:28  Zergling x2  
  52  10:29  Queen  
  52  10:36  Extractor  
  52  10:37  Drone  
  52  10:38  Extractor  
  52  10:42  Drone  
  52  10:54  Roach  
  52  10:58  Overseer  
  52  11:00  Drone  
  52  11:01  Overlord  
  52  11:04  Drone  
  52  11:09  Drone  
  54  11:15  Drone  
  53  11:19  Zergling x2  
  53  11:20  Drone  
  55  11:43  Hydralisk  
  57  11:58  Pneumatized Carapace  
  57  11:59  Roach  
  57  12:01  Overlord, Overseer  
  59  12:03  Evolution Chamber  
  58  12:14  Roach  
  59  12:20  Overlord  
  59  12:28  Roach  
  61  12:30  Zerg Melee Weapons Level 1  
  61  12:43  Roach  
  59  12:58  Roach  
  60  13:12  Zergling x2  
  60  13:28  Roach  
  60  13:30  Infestation Pit  
  61  13:42  Roach  
  62  13:57  Zergling x2  
  63  14:07  Hive  
  63  14:11  Infestor  
  57  14:25  Zerg Ground Armor Level 1  
  57  14:27  Roach  
  59  14:41  Roach  
  61  14:58  Hatchery  
  58  15:11  Roach  
  57  15:22  Ultralisk Cavern  
  57  15:26  Zergling x2  
  57  16:09  Ultralisk  
  57  16:10  Drone  
  64  16:14  Drone  
  65  16:19  Drone  
  65  16:23  Drone  
  67  16:28  Drone  
  69  16:32  Drone  
  69  16:35  Overlord  
  69  16:37  Drone  
  70  16:42  Drone  
  71  16:56  Extractor  
  71  17:00  Spire  
  69  17:01  Extractor  
  69  17:02  Zerg Missile Weapons Level 1  
  69  17:04  Drone  
  69  17:17  Overseer  
  69  17:20  Drone  
  69  17:21  Overlord  
  70  17:25  Drone  
  70  17:29  Drone  
  62  17:34  Drone  
  62  17:36  Hydralisk  
  55  17:51  Zergling x2  
  55  17:52  Drone  
  55  17:58  Spire  
  55  18:00  Overseer  
  55  18:05  Hydralisk  
  52  18:12  Overlord, Overseer  
  51  18:13  Overseer  
  51  18:20  Roach  
  52  18:31  Overlord  
  50  18:35  Zergling x2  
  50  18:37  Overseer  
  50  18:40  Overlord  
  49  18:50  Zergling x2  
  50  18:56  Lair  
  50  18:57  Overlord  
  50  18:59  Overlord  
  48  19:11  Zerg Flyer Armor Level 1  
  48  19:16  Hydralisk  
  47  19:17  Overlord  
  49  19:32  Hydralisk  
  49  19:37  Overlord  
  51  19:45  Spawning Pool  
  48  19:47  Hydralisk  
  48  19:48  Evolution Chamber  
  49  19:54  Overseer  
  49  19:56  Overseer, Infestation Pit  
  49  19:57  Overlord, Overseer  
  48  20:01  Mutalisk  
  50  20:15  Drone  
  50  20:16  Overlord  
  50  20:17  Corruptor  
  50  20:21  Drone  
  53  20:29  Corruptor  
  55  20:35  Overlord  
  55  20:40  Infestor  
  52  20:50  Roach Warren  
  52  20:51  Hive, Drone  
  52  20:52  Infestor  
  54  21:02  Zergling x2  
  55  21:11  Queen  
  53  21:24  Overseer  
  50  21:29  Zergling x2  
  50  21:31  Hatchery  
  48  21:32  Drone  
  48  21:39  Corruptor  
  50  21:47  Overlord  
  50  21:49  Infestor  
  47  21:59  Infestor, Drone  
  46  22:04  Drone  
  34  22:08  Drone  
  34  22:15  Zergling x2  
  10  22:42  Mutalisk  
  3  22:53  Corruptor  
  5  23:05  Drone  
  5  23:15  Drone  
  6  23:20  Evolution Chamber  
  6  23:25  Drone  
  4  23:36  Drone  
  5  23:47  Drone  
  6  23:58  Drone  
  6  24:02  Spawning Pool  
  5  24:07  Extractor  
  5  24:08  Drone  
  5  24:19  Drone  
Show
View Real Time Build Order
Export as new Build Order

IA (Fácil) Zerg 

Build Orders: Pool First 

Get SALT Encoding   

  12  0:01  Drone  
  13  0:12  Overlord  
  13  0:17  Drone  
  14  0:30  Drone  
  14  0:35  Drone  
  16  0:42  Spawning Pool  
  15  0:45  Drone  
  15  0:48  Extractor  
  15  0:51  Drone  
  16  0:59  Overlord  
  16  1:29  Zergling x2  
  16  1:31  Queen, Roach Warren  
  18  1:34  Drone  
  18  1:37  Extractor  
  18  1:39  Zergling x2  
  19  1:40  Drone  
  20  1:55  Drone  
  21  2:03  Overlord  
  21  2:11  Drone  
  22  2:22  Drone  
  23  2:33  Drone  
  24  2:37  Drone  
  24  2:38  Roach  
  24  2:42  Drone  
  28  2:59  Ravager  
  28  3:00  Roach  
  31  3:40  Zergling x2  
  30  3:51  Zergling x2  
  29  4:02  Roach  
  30  5:00  Zergling x2  
  31  5:09  Lair, Drone  
  31  5:10  Overlord  
  31  5:14  Drone  
  32  5:21  Roach  
  34  5:29  Drone  
  34  5:30  Overlord  
  34  5:33  Drone  
  34  5:43  Roach  
  33  6:04  Ravager, Roach  
  34  6:08  Overseer  
  34  6:09  Overseer  
  34  6:10  Hydralisk Den  
  36  6:11  Drone  
  35  6:25  Zergling x2  
  36  6:46  Hydralisk  
  38  6:53  Hatchery  
  37  7:06  Hydralisk  
  38  7:28  Zergling x2  
  30  7:49  Roach  
  32  8:06  Drone  
  32  8:10  Roach  
  32  8:12  Drone  
  36  8:17  Drone  
  37  8:21  Drone  
  37  8:26  Extractor, Drone  
  38  8:28  Extractor  
  38  8:29  Overseer  
  38  8:30  Drone  
  38  8:31  Hydralisk  
  40  8:35  Drone  
  40  8:39  Drone  
  42  8:43  Drone  
  42  8:48  Drone  
  44  8:49  Overlord  
  44  8:52  Ravager, Drone  
  44  8:53  Roach  
  48  8:56  Drone  
  48  9:01  Drone  
  48  9:05  Drone  
  48  9:09  Drone  
  50  9:14  Drone, Roach  
  50  9:16  Overlord  
  53  9:18  Drone  
  53  9:23  Drone  
  55  9:27  Drone  
  56  9:31  Drone  
  56  9:36  Drone  
  58  9:40  Drone  
  59  9:46  Pneumatized Carapace  
  59  9:49  Infestation Pit  
  59  9:51  Overlord  
  58  9:54  Overseer  
  58  9:56  Drone  
  58  9:57  Spire  
  58  10:00  Drone, Evolution Chamber  
  58  10:02  Zergling x2  
  58  10:06  Drone  
  50  10:27  Zerg Melee Weapons Level 1  
  48  10:30  Hive, Hydralisk  
  50  10:38  Queen  
  49  10:44  Drone  
  49  10:45  Hydralisk  
  49  10:49  Drone  
  47  10:53  Drone  
  43  10:58  Drone  
  43  11:01  Zergling x2  
  43  11:03  Drone  
  42  11:07  Drone  
  38  11:12  Drone  
  38  11:15  Roach  
  38  11:20  Drone  
  38  11:22  Overseer  
  37  11:29  Hydralisk  
  37  11:32  Drone  
  34  11:42  Drone  
  34  11:43  Hydralisk  
  34  11:44  Greater Spire  
  34  11:46  Drone  
  31  11:51  Drone  
  29  11:55  Drone  
  29  11:58  Zergling x2  
  29  12:00  Overseer, Drone  
  27  12:04  Drone  
  25  12:10  Drone  
  25  12:12  Mutalisk  
  23  12:20  Drone  
  23  12:25  Drone  
  23  12:27  Roach  
  23  12:29  Drone  
  24  12:36  Drone  
  23  12:40  Drone  
  23  12:42  Zerg Missile Weapons Level 1  
  24  12:47  Drone  
  24  12:48  Zergling x2  
  20  12:57  Drone  
  18  13:01  Drone  
  18  13:04  Zergling x2, Overlord  
  19  13:06  Drone  
  15  13:15  Drone  
  15  13:18  Zergling x2  
  15  13:19  Drone  
  17  13:26  Drone  
  16  13:31  Drone  
  16  13:32  Overseer  
  16  13:33  Hydralisk  
  17  13:34  Overlord  
  17  13:35  Drone  
  17  13:40  Drone  
  18  13:48  Zergling x2  
  18  13:51  Drone  
  18  13:55  Drone  
  19  13:59  Drone  
  19  14:02  Roach  
  21  14:04  Drone  
  21  14:09  Corruptor  
  22  14:11  Drone  
  22  14:15  Drone  
  23  14:21  Drone  
  23  14:23  Roach  
  23  14:25  Drone  
  23  14:29  Drone, Roach  
  27  14:34  Drone  
  27  14:36  Roach  
  30  14:43  Ravager x2  
  30  14:44  Drone  
  33  14:46  Hydralisk  
  35  14:54  Drone  
  35  14:55  Hydralisk  
  39  15:00  Drone  
  39  15:02  Roach  
  39  15:04  Drone  
  38  15:08  Hydralisk  
  38  15:10  Drone  
  38  15:16  Zergling x2  
  38  15:19  Overlord  
  33  15:30  Hydralisk  
  33  15:32  Drone  
  31  15:37  Drone  
  31  15:38  Roach  
  31  15:40  Overseer  
  32  15:45  Roach  
  32  15:51  Roach  
  34  15:58  Roach  
  34  16:04  Hydralisk  
  35  16:10  Overlord  
  37  16:11  Ravager  
  37  16:12  Ravager  
  37  16:15  Drone  
  40  16:19  Zergling x2  
  43  16:25  Roach  
  43  16:32  Roach  
  45  16:38  Hydralisk  
  47  16:42  Drone  
  48  16:49  Overlord  
  48  16:53  Roach  
  50  16:54  Drone  
  50  16:59  Hydralisk, Drone  
  54  17:03  Drone  
  54  17:07  Drone  
  56  17:12  Drone  
  56  17:14  Zergling x2  
  57  17:16  Drone  
  57  17:21  Drone  
  57  17:23  Hydralisk  
  59  17:47  Roach  
  55  17:56  Roach  
  57  17:59  Hatchery  
  57  18:04  Roach  
  58  18:12  Roach  
  60  18:13  Overlord  
  60  18:19  Infestor  
  60  18:22  Drone  
  63  18:28  Drone  
  63  18:29  Corruptor  
  63  18:32  Drone  
  66  18:41  Overlord  
  66  18:44  Zergling x2  
  66  18:46  Drone  
  68  18:51  Drone  
  69  18:56  Drone  
  69  19:01  Drone  
  69  19:02  Roach  
  71  19:09  Evolution Chamber  
  70  19:12  Brood Lord  
  70  19:13  Drone  
  70  19:17  Drone  
  70  19:22  Drone  
  72  19:26  Drone  
  72  19:29  Roach  
  72  19:30  Drone  
  74  19:35  Drone  
  74  19:36  Zerg Ground Armor Level 1  
  75  19:40  Drone  
  75  19:44  Drone  
  77  19:49  Drone  
  78  19:53  Drone  
  78  19:56  Overlord  
  78  19:57  Hydralisk  
  78  19:58  Drone  
  80  20:02  Drone  
  80  20:06  Drone  
  82  20:18  Zerg Flyer Weapons Level 1  
  82  20:21  Hydralisk  
  77  20:29  Hydralisk  
  77  20:32  Drone  
  78  20:37  Drone  
  78  20:41  Drone  
  78  20:46  Drone  
  75  20:51  Drone  
  75  20:55  Drone  
  77  21:00  Drone  
  78  21:10  Corruptor  
  76  21:14  Overseer  
  76  21:23  Overlord  
  76  21:28  Ultralisk Cavern  
  76  21:30  Zerg Melee Weapons Level 2  
  75  21:43  Overlord  
  75  21:50  Zergling x2  
  75  22:02  Overlord  
  75  22:12  Zerg Flyer Armor Level 1  
  73  22:16  Ultralisk  
  79  22:29  Ultralisk  
  85  22:41  Extractor  
  85  22:42  Ultralisk  
  85  22:44  Hatchery  
  89  23:07  Extractor  
  89  23:09  Overseer  
  86  23:13  Zergling x2  
  82  23:26  Hydralisk  
  80  23:39  Hydralisk  
  79  23:51  Extractor  
  79  23:52  Zergling x2  
  79  23:58  Drone  
  78  24:03  Drone  
  78  24:05  Hydralisk  
  78  24:07  Drone  
  80  24:12  Drone  
  80  24:17  Drone  
  81  24:21  Drone  
  84  24:24  Extractor  
  84  24:27  Extractor  
Show
View Real Time Build Order
Export as new Build Order

IA (Fácil) Terran 

Build Orders:  

Get SALT Encoding   

  12  0:01  SCV  
  13  0:13  SCV  
  14  0:19  Supply Depot  
  14  0:25  SCV  
  15  0:40  SCV  
  16  0:44  Barracks  
  16  0:47  Refinery  
  16  1:09  Supply Depot  
  16  1:20  Refinery  
  16  1:31  Marine  
  16  1:32  Orbital Command  
  17  1:50  Barracks Tech Lab  
  16  2:09  Marine  
  17  2:25  Supply Depot  
  17  2:29  SCV  
  18  2:36  Marauder  
  20  2:41  SCV  
  20  2:53  SCV  
  20  3:03  Marine  
  20  3:05  SCV  
  20  3:17  SCV  
  21  3:29  Marine, SCV  
  20  3:42  SCV  
  21  3:54  SCV  
  21  3:55  Marauder  
  23  4:06  SCV  
  21  4:18  SCV  
  21  4:20  Marine  
  21  4:30  SCV  
  15  4:42  SCV  
  14  4:46  Marine  
  13  4:54  SCV  
  12  5:06  SCV  
  9  5:12  Marine  
  7  5:18  SCV  
  3  5:30  SCV  
  3  5:38  Marauder  
  5  5:43  SCV  
  6  5:55  SCV  
  7  6:04  Marauder  
  7  6:07  SCV  
  6  7:09  Command Center  
  6  7:39  Barracks  
  6  8:22  SCV  
  6  8:26  Marine  
  8  8:34  SCV  
  9  8:46  SCV  
  10  8:54  Marine  
  11  8:58  SCV  
  12  9:10  SCV  
  12  9:12  Marine  
  14  9:23  SCV  
  15  9:30  Marine  
  15  9:35  SCV  
  16  9:47  SCV  
  17  9:54  Barracks Tech Lab  
  17  9:59  SCV  
  18  10:12  Marine  
  7  10:30  Marine  
Show
View Real Time Build Order
Export as new Build Order

IA (Fácil) Zerg 

Build Orders: Pool First 

Get SALT Encoding   

  12  0:01  Drone  
  13  0:12  Overlord  
  13  0:17  Drone  
  14  0:30  Drone  
  14  0:34  Drone  
  16  0:43  Spawning Pool  
  16  0:45  Extractor  
  16  0:46  Drone  
  15  0:51  Drone  
  16  0:58  Overlord  
  16  1:30  Zergling x2  
  16  1:31  Queen  
  19  1:32  Roach Warren  
  19  1:34  Extractor  
  19  1:37  Drone  
  18  1:42  Drone  
  18  1:44  Zergling x2  
  20  2:00  Zergling x2  
  20  2:10  Overlord  
  20  2:14  Roach  
  21  2:28  Zergling x2  
  21  2:37  Drone  
  22  2:41  Drone  
  22  2:42  Zergling x2  
  24  2:46  Drone  
  24  2:51  Drone  
  24  3:02  Zergling x2  
  23  3:10  Drone  
  24  3:15  Zergling x2, Drone  
  26  3:20  Overlord  
  25  3:29  Roach  
  27  3:43  Zergling x2  
  27  3:56  Roach  
  29  4:10  Zergling x2  
  29  4:24  Roach  
  31  4:38  Zergling x2  
  31  4:52  Zergling x2  
  28  5:06  Roach  
  29  5:20  Roach  
  28  5:29  Lair, Drone  
  28  5:33  Zergling x2  
  30  5:47  Roach, Drone  
  33  5:52  Drone  
  34  6:01  Zergling x2  
  35  6:15  Zergling x2, Overlord  
  35  6:16  Drone  
  37  6:27  Overseer  
  37  6:29  Overseer  
  37  6:30  Spire  
  37  6:31  Zergling x2  
  37  6:32  Drone  
  38  7:12  Hatchery  
  37  7:23  Zergling x2  
  37  7:44  Mutalisk  
  39  7:57  Mutalisk  
  41  8:11  Mutalisk  
  43  8:25  Drone  
  44  8:29  Drone  
  44  8:34  Drone  
  46  8:38  Drone  
  47  8:43  Drone  
  47  8:44  Extractor  
  47  8:45  Extractor  
  47  8:47  Drone  
  47  8:52  Drone  
  48  8:56  Drone  
  48  9:00  Drone  
  50  9:05  Drone  
  51  9:10  Drone  
  51  9:14  Drone  
  51  9:16  Overlord  
  53  9:18  Drone  
  53  9:23  Drone  
  55  9:27  Drone  
  56  9:32  Drone  
  56  9:37  Drone  
  58  9:41  Drone  
  59  9:45  Drone  
  59  9:49  Overlord  
  59  9:50  Drone  
  61  9:55  Drone  
  62  10:00  Drone  
  62  10:03  Overseer  
  62  10:05  Zergling x2, Pneumatized Carapace  
  64  10:08  Evolution Chamber  
  64  10:12  Zergling x2  
  64  10:13  Drone  
  65  10:14  Overlord  
  65  10:18  Zergling x2  
  66  10:25  Mutalisk  
  68  10:34  Zerg Missile Weapons Level 1  
  68  12:15  Mutalisk  
  68  12:22  Overseer  
  54  12:23  Zergling x2  
  54  12:27  Overlord, Overseer  
  54  12:28  Zerg Ground Armor Level 1  
  54  12:29  Zergling x2  
  56  12:36  Zergling x2  
  57  12:43  Zergling x2  
  58  12:49  Mutalisk  
  60  12:55  Mutalisk  
  62  13:23  Hatchery  
  61  14:00  Corruptor  
  63  14:03  Overlord, Zerg Flyer Weapons Level 1  
  63  14:04  Infestation Pit  
  62  14:15  Corruptor  
  64  14:22  Zerg Missile Weapons Level 2  
  64  14:36  Drone  
  65  14:40  Extractor  
  65  14:41  Hive, Drone  
  65  14:45  Extractor, Drone  
  63  14:50  Drone  
  52  14:52  Zergling x2  
  52  14:53  Overseer x2  
  52  14:54  Overlord x2, Drone  
  53  15:12  Drone  
  54  15:17  Drone  
  55  15:22  Drone  
  55  15:26  Drone  
  57  15:57  Zerg Flyer Armor Level 1  
  57  16:38  Zerg Melee Weapons Level 1  
  57  17:45  Hatchery  
  57  17:47  Zergling x2  
  57  17:49  Overlord  
  57  17:51  Zergling x2  
  57  17:52  Greater Spire  
  57  17:55  Mutalisk  
  60  17:59  Mutalisk  
  60  18:04  Zergling x2  
  58  18:06  Overseer  
  58  18:10  Zergling x2, Overlord  
  59  18:14  Mutalisk  
  59  18:18  Mutalisk  
  63  18:23  Zergling x2  
  64  18:28  Zergling x2  
  64  18:30  Overlord  
  64  18:32  Zerg Ground Armor Level 2  
  64  18:33  Zergling x2  
  66  18:37  Zergling x2  
  67  18:42  Zergling x2  
  67  18:46  Zergling x2  
  69  18:52  Mutalisk  
  71  18:56  Mutalisk  
  71  18:59  Drone  
  71  19:02  Mutalisk  
  76  19:07  Mutalisk  
  78  19:15  Extractor  
  78  19:16  Drone  
  78  19:23  Extractor, Drone  
  78  20:25  Overseer  
  78  20:26  Overlord  
  78  21:09  Zerg Melee Weapons Level 2  
  78  21:50  Roach  
  78  21:53  Overlord  
  80  21:57  Roach  
  82  22:02  Hydralisk Den  
  82  22:04  Roach  
  83  22:12  Roach  
  83  22:13  Drone  
  83  22:15  Overlord  
  86  22:19  Roach  
  88  22:32  Hydralisk  
  90  22:39  Hydralisk  
  92  22:46  Hydralisk  
  94  22:53  Hydralisk  
  95  23:19  Zergling x2  
  85  23:30  Ravager x2  
  85  23:31  Roach  
  89  23:38  Roach  
  91  23:55  Hatchery  
Show
View Real Time Build Order
Export as new Build Order

IA (Fácil) Zerg 

Build Orders: Pool Only 

Get SALT Encoding   

  12  0:01  Drone  
  13  0:12  Overlord  
  13  0:18  Drone  
  14  0:31  Drone  
  14  0:35  Drone  
  16  0:45  Spawning Pool  
  16  0:47  Extractor  
  16  0:49  Drone  
  15  0:53  Drone  
  16  0:59  Overlord  
  16  1:31  Zergling x2  
  17  1:32  Queen  
  17  1:34  Roach Warren  
  17  1:35  Extractor  
  17  1:39  Drone  
  18  1:43  Drone  
  18  1:44  Zergling x2  
  20  2:08  Overlord  
  20  2:16  Roach  
  20  2:21  Drone  
  23  2:26  Drone  
  24  2:36  Drone  
  25  2:39  Roach  
  25  2:52  Zergling x2  
  25  2:53  Drone  
  27  3:03  Drone  
  27  3:05  Roach  
  28  3:18  Zergling x2  
  26  3:31  Zergling x2  
  26  3:33  Drone  
  26  3:34  Overlord  
  28  3:44  Roach  
  27  3:57  Roach  
  28  4:09  Zergling x2, Queen  
  27  4:23  Roach  
  26  4:36  Zergling x2  
  27  4:49  Roach  
  27  4:54  Queen  
  26  5:02  Zergling x2  
  27  5:15  Roach  
  27  5:18  Spawning Pool  
  27  5:19  Drone  
  27  5:23  Drone  
  27  5:30  Roach  
  19  6:00  Drone  
  15  6:04  Drone  
  15  6:05  Zergling x2  
  14  6:18  Zergling x2  
  13  6:19  Drone  
  13  6:21  Roach Warren  
  9  6:31  Zergling x2  
Tags
 
Add a new tag
Caveats
  • Supply blocks, unpowered buildings, or Contaminate may cause inaccurate times.
  • Supply counts are checked every 10 seconds.